 Dungeon Crawl Stone Soup version 0.20.1-1-g8b1a95d (webtiles) character file.

1275 vineage the Chopper (level 8, -3/60 HPs)
             Began as a Demonspawn Gladiator on Aug 20, 2017.
             Was an Initiate of Okawaru (penitent).
             Slain by a sky beast (6 damage)
             ... on level 7 of the Dungeon.
             The game lasted 00:13:36 (5277 turns).

vineage the Chopper (Demonspawn Gladiator)          Turns: 5277, Time: 00:13:37

Health: -3/60      AC: 15    Str: 17    XL:     8   Next: 28%
Magic:  8/8        EV:  4    Int: 10    God:    Okawaru [*]
Gold:   276        SH:  9    Dex: 14    Spells: 7/7 levels left

rFire    . . .     SeeInvis .   a - +0 war axe
rCold    . . .     Gourm    .   k - +0 shield
rNeg     . . .     Faith    .   o - +0 plate armour {rPois}
rPois    +         Spirit   .   c - +0 helmet
rElec    .         Reflect  .   s - +0 cloak
rCorr    +         Harm     +   j - +1 pair of gloves
MR       .....                  (no boots)
Stlth    ..........             y - amulet of harm
Regen    0.2/turn               t - ring of resist corrosion
MPRegen  0.2/turn               (no ring)

@: flying
A: talons 1, demonic guardian 1, nightstalker 1
a: Renounce Religion


You were on level 7 of the Dungeon.
You worshipped Okawaru.
Okawaru was demanding penance.
You were very hungry.

You visited 2 branches of the dungeon, and saw 8 of its levels.

You collected 276 gold pieces.

Inventory:

Hand Weapons
 a - a +0 war axe (weapon)
Missiles
 d - 3 throwing nets (quivered)
Armour
 c - a +0 helmet (worn)
 j - a +1 pair of gloves (worn)
 k - a +0 shield (worn)
 o - a +0 plate armour of poison resistance (worn)
 s - a +0 cloak (worn)
Jewellery
 e - an uncursed amulet of magic regeneration
 t - a ring of resist corrosion (left hand)
 y - an amulet of harm (around neck)
Wands
 D - a wand of enslavement (14/24)
Scrolls
 g - 4 scrolls of teleportation
 h - 3 scrolls of magic mapping
 r - 3 scrolls of enchant weapon {unknown}
 w - 3 scrolls of enchant armour
 x - 2 scrolls of remove curse
 z - 7 scrolls of identify {unknown}
Potions
 q - a potion of flight
 u - a potion of resistance
Books
 b - a book of Minor Magic

   Spells                             Type                      Level
   a - Magic Dart                     Conjuration                  1
   b - Blink                          Translocation                2
   c - Call Imp                       Summoning                    2
   d - Slow                           Hexes                        2
   e - Conjure Flame                  Conjuration/Fire             3
   f - Mephitic Cloud                 Conjuration/Poison/Air       3
Comestibles
 f - 8 bread rations
 m - 4 royal jellies


   Skills:
 + Level 4.0 Fighting
   Level 0.6 Short Blades
 + Level 6.6 Axes
 - Level 2.0 Throwing
 + Level 3.1 Armour
 + Level 3.7 Dodging
 + Level 2.0 Stealth
 + Level 2.9 Shields


You had 7 spell levels left.
You didn't know any spells.

Dungeon Overview and Level Annotations

Branches:
Dungeon (7/15)             Temple (1/1) D:6

Altars:
Cheibriados
Dithmenos
Hepliaklqana
Makhleb
Nemelex Xobeh
Okawaru
Sif Muna
Trog
Xom
Yredelemnul
Zin


Innate Abilities, Weirdness & Mutations

You have sharp toenails.
A weak demonic guardian rushes to your aid.
You are slightly more attuned to the shadows.


Message History

You kill the orc!
Okawaru accepts your kill.
You slash the centaur!
You kill the centaur!
Okawaru accepts your kill. Something completely misses you.
You hit something. Your kick misses something.
Your plate armour prevents you from hitting the phantom.
Something hits you.
* * * LOW HITPOINT WARNING * * *
Something shocks you.
* * * LOW HITPOINT WARNING * * *
The phantom hits you but does no damage.
Something hits you but does no damage. You block the phantom's attack.
You closely miss the phantom. Your kick misses the phantom.
Your plate armour prevents you from hitting something.
Something hits you.
* * * LOW HITPOINT WARNING * * *
Something shocks you.
You die...

#.# #.# #.##...))...##...## ###
#.###.# #.###.###).##.._..# ..#
#.....# #.# #.##..##.....^. #.#
#..#### #.# #.#..##..^^.^.. #.#
#..######.###+#..#...#####^ #.#
#.........##.....##.'#.#.#+ ##.#
###.#######.......###..#..# (..#
###.######....(.......###..
...####.......#W@.......###......
..(...(.......'5))......+........
##.####.....#.#.........####...#.
#.# #(....#.##.......## ##.##†
#.# #.....#.###.....## #...#. #.#
#.....#.# ##...## #..... #.#
#.....#<# ##'## #...## ..#
#.......# #.# ##.## ### ###(#####
#.# #.#


You could see a phantom and a friendly quasit.

Vanquished Creatures
  The ghost of manyhoops the Gusty, an amateur DgAE (D:4)
  An orc warrior (D:6)
  A sky beast (D:5)
  An ice beast (D:6)
  A necrophage (D:7)
  An ogre (D:5)
  A centaur (D:7)
  The ghost of dscm the Sneak, a weakling OpEE (D:3)
  2 crimson imps (D:5)
  A bullfrog zombie (D:5)
  2 hounds (D:5)
  A jelly (D:6)
  Jessica (D:2)
  An iguana (D:5)
  5 orc wizards
  2 worker ants (D:4)
  A hound skeleton (D:5)
  A worker ant zombie (D:6)
  Robin (D:4)
  5 adders
  An ooze (D:1)
  3 dart slugs
  2 leopard geckos (D:3)
  15 orcs
  6 giant cockroaches
  16 goblins
  6 hobgoblins
  4 jackals (D:5)
  A quokka (D:2)
  A ball python (D:1)
  13 bats
  6 frilled lizards
  5 kobolds
  6 rats
  A spectral orc (D:3)
117 creatures vanquished.

Vanquished Creatures (collateral kills)
  A bullfrog (D:6)
  A scorpion (D:6)
  An orc wizard (D:6)
  5 orcs
8 creatures vanquished.

Grand Total: 125 creatures vanquished

Notes
Turn   | Place    | Note
-------+----------+-------------------------------------------
     0 | D:1      | vineage the Demonspawn Gladiator began the quest for the Orb.
     0 | D:1      | Reached XP level 1. HP: 16/16 MP: 1/1
   124 | D:1      | Gained mutation: You are slightly more attuned to the shadows. [demonic ancestry]
   124 | D:1      | Reached XP level 2. HP: 22/22 MP: 2/2
   242 | D:1      | Reached skill level 3 in Axes
   641 | D:1      | Gained mutation: A weak demonic guardian rushes to your aid. [demonic ancestry]
   641 | D:1      | Reached XP level 3. HP: 25/27 MP: 3/3
   886 | D:2      | Noticed Jessica
   895 | D:2      | Killed Jessica
   895 | D:2      | Reached XP level 4. HP: 34/34 MP: 4/4
  1515 | D:3      | Noticed dscm's ghost (weakling OpEE)
  1531 | D:3      | Killed dscm's ghost
  1531 | D:3      | Reached skill level 4 in Axes
  1531 | D:3      | Reached skill level 1 in Stealth
  1714 | D:3      | Found a basalt altar of Yredelemnul.
  1834 | D:3      | Reached XP level 5. HP: 37/39 MP: 5/5
  2069 | D:3      | Found a glowing drain.
  2414 | D:4      | Noticed manyhoops's ghost (amateur DgAE)
  2455 | D:4      | Killed manyhoops's ghost
  2455 | D:4      | Reached skill level 1 in Armour
  2550 | D:4      | Noticed Robin
  2572 | D:4      | Killed Robin
  2602 | D:4      | Gained mutation: You have sharp toenails. [demonic ancestry]
  2602 | D:4      | Reached XP level 6. HP: 43/46 MP: 6/6
  2841 | D:4      | Reached skill level 1 in Shields
  2932 | D:5      | Entered Level 5 of the Dungeon
  2965 | D:5      | Found a shadowy altar of Dithmenos.
  3008 | D:5      | Reached skill level 5 in Axes
  3124 | D:5      | Noticed a sky beast
  3142 | D:5      | Killed a sky beast
  3142 | D:5      | Reached XP level 7. HP: 51/51 MP: 7/7
  3289 | D:5      | Found a transporter.
  3299 | D:5      | Noticed a kobold demonologist
  3446 | D:5      | Noticed a hellwing
  3446 | D:5      | Found a transporter.
  3451 | D:5      | Noticed an ice devil
  3915 | D:6      | Found a burning altar of Makhleb.
  3916 | D:6      | Found a glowing silver altar of Zin.
  3916 | D:6      | Noticed an angel
  3917 | D:6      | Noticed a cacodemon
  4312 | D:6      | Found a staircase to the Ecumenical Temple.
  4317 | Temple   | Entered the Ecumenical Temple
  4386 | Temple   | Became a worshipper of Warmaster Okawaru
  4723 | D:6      | Reached skill level 6 in Axes
  4766 | D:6      | Reached * piety under Okawaru
  4902 | D:6      | Reached XP level 8. HP: 34/60 MP: 8/8
  5097 | D:7      | Found a sparkling altar of Nemelex Xobeh.
  5188 | D:7      | Was placed under penance by Okawaru
  5277 | D:7      | HP: 3/60 [something (3)]
  5277 | D:7      | Slain by a sky beast

Skill      XL: |  1  2  3  4  5  6  7  8 |
---------------+-------------------------+-----
Axes           | 3 4 5 6 |  6.6
Dodging        | 3 |  3.7
Throwing       | 2 |  2.0
Stealth        | 1 2 |  2.0
Armour         | 1 2 3 |  3.1
Shields        | 1 2 |  2.9
Fighting       | 3 4 |  4.0
Short Blades   | |  0.6

Action                   |  1- 3 |  4- 6 |  7- 9 || total
-------------------------+-------+-------+-------++-------
Melee: War axe           |    72 |   191 |   146 ||   409
       Short sword       |       |    18 |       ||    18
       Kick              |       |    12 |    36 ||    48
  Use: Scroll            |       |     7 |     2 ||     9
       Potion            |       |     5 |     8 ||    13
 Stab: Sleeping          |     7 |     7 |       ||    14
  Eat: Chunk             |       |     7 |     4 ||    11
       Fruit             |       |       |     3 ||     3
Armor: Leather armour    |    19 |    41 |       ||    60
       Plate armour      |       |    67 |   104 ||   171
       Skin              |       |       |     4 ||     4
Dodge: Dodged            |    45 |    98 |    19 ||   162
Block: Shield            |       |    58 |    59 ||   117
